 Dungeon Sprint DCSS version 0.30-a0-170-g85af917532 (webtiles) character file.

Game seed: 18111475163245123

3575354 mhtbhm the Petrodigitator (level 22, 129/169 HPs)
             Began as a Gargoyle Earth Elementalist on Sept 29, 2022.
             Was the Champion of Vehumet.
             Escaped with the Orb
             ... and 3 runes on Sept 30, 2022!
             The game lasted 01:14:25 (19135 turns).

mhtbhm the Petrodigitator (GrEE)                   Turns: 19135, Time: 01:14:25

Health: 129/169    AC: 81    Str: 22    XL:     22   Next: 39%
Magic:  46/47      EV: 17    Int: 22    God:    Vehumet [******]
Gold:   261        SH:  5    Dex: 16    Spells: 17/75 levels left

rFire   + + +      SeeInvis +    G - staff of conjuration
rCold   + + .      Faith    .    (no shield)
rNeg    + + .      Spirit   .    J - +14 gold dragon scales
rPois   ∞          Reflect  +    s - +2 helmet {SInv}
rElec   +          Harm     .    u - +2 cloak {Will+}
rCorr   .          Rampage  .    o - +3 Mad Mage's Maulers {Infuse+∞ RegenMP Int-3}
Will    +++..      NoTele   +    H - +2 pair of boots {Stlth+}
Stlth   ..........               P - amulet of Suyv {Reflect Will+ SH+5}
HPRegen 0.38/turn                F - ring "Myipsio" {rF++ AC+6 Str+8 Slay-2}
MPRegen 0.70/turn                X - ring "Myprad" {rF+ rC+ rN+ Dex+6}

@: flying, studying Ranged Weapons
A: sickness immunity, AC +16, big wings, negative energy resistance 1,
electricity resistance, torment resistance 1, petrification resistance, low MP 1
0: Orb of Zot
}: 3/3 runes: silver, golden, iron
a: Renounce Religion


You escaped.
You worshipped Vehumet.
Vehumet was exalted by your worship.
You visited 1 branch You collected 261 gold pieces.

Inventory:

Hand Weapons
 h - the +9 demon whip of Anguish {drain, rElec rC- Will++ Int+4}
   (You found it in the Dungeon)

   A truly terrible weapon, it drains the life of any living foe it strikes.
   Int:       It affects your intelligence (+4).
   rC:        It makes you vulnerable to cold.
   rElec:     It insulates you from electricity.
   Will:      It greatly increases your willpower.
Armour
 o - the +3 Mad Mage's Maulers (worn) {Infuse+∞ RegenMP Int-3}
   (You found it in the Dungeon)

   It empowers its wearer's blows with all of their magic.
   It causes its wearer's magical reserves to regenerate more quickly.
   Int:       It affects your intelligence (-3).
 s - a +2 helmet of see invisible (worn)
 u - a +2 cloak of willpower (worn)
 H - a +2 pair of boots of stealth (worn)
 J - +14 gold dragon scales (worn)
Magical Staves
 G - a staff of conjuration (weapon)
Jewellery
 F - the ring "Myipsio" (left hand) {rF++ AC+6 Str+8 Slay-2}
   (You found it in the Dungeon)

   [ring of protection]

   AC:        It affects your AC (+6).
   Str:       It affects your strength (+8).
   Slay:      It affects your accuracy & damage with ranged weapons and melee
   (-2).
   rF:        It greatly protects you from fire.
 P - the amulet of Suyv (around neck) {Reflect Will+ SH+5}
   (You found it in the Dungeon)

   [amulet of reflection]

   It reflects blocked missile attacks.
   SH:        It affects your SH (+5).
   Will:      It increases your willpower.
 T - the ring "Efuuschu" {rF+ Will+ Int+2}
   (You found it in the Dungeon)

   [ring of protection from fire]

   Int:       It affects your intelligence (+2).
   rF:        It protects you from fire.
   Will:      It increases your willpower.
 V - the ring "Urodud" {rN+ MP+9}
   (You found it in the Dungeon)

   [ring of positive energy]

   rN:        It protects you from negative energy.
   MP:        It affects your magic capacity (+9).
 X - the ring "Myprad" (right hand) {rF+ rC+ rN+ Dex+6}
   (You found it in the Dungeon)

   [ring of dexterity]

   Dex:       It affects your dexterity (+6).
   rF:        It protects you from fire.
   rC:        It protects you from cold.
   rN:        It protects you from negative energy.
 Y - the ring "Cidimey" {Fly rC+++ Str+4 Int-5 SInv Stlth+}
   (You found it in the Dungeon)

   [ring of see invisible]

   Str:       It affects your strength (+4).
   Int:       It affects your intelligence (-5).
   rC:        It renders you almost immune to cold.
   SInv:      It lets you see invisible.
   Fly:       It grants you flight.
   Stlth:     It makes you more stealthy.
Wands
 l - a wand of flame (19)
 K - a wand of roots (3)
Scrolls
 i - 6 scrolls of amnesia
 j - 5 scrolls of identify
 k - a scroll of blinking
 w - a scroll of silence
 z - 8 scrolls of enchant weapon
 A - 8 scrolls of fog
 B - 5 scrolls of enchant armour
 D - a scroll of summoning
 I - 2 scrolls of poison
Potions
 b - 2 potions of attraction
 c - 8 potions of curing
 d - 6 potions of heal wounds
 e - a potion of haste
 f - 6 potions of berserk rage
 m - 2 potions of ambrosia
 p - 5 potions of brilliance
 q - 3 potions of resistance
 r - 6 potions of might
 v - 9 potions of mutation
 L - a potion of cancellation
Miscellaneous
 a - a phantom mirror
 g - the horn of Geryon
 n - a box of beasts
 C - a tin of tremorstones (2/2)


   Skills:
 O Level 27 Fighting
 + Level 20.4 Staves
 O Level 27 Armour
 O Level 27 Dodging
 - Level 6.5 Stealth
 - Level 22.2 Shields
 O Level 27 Spellcasting
 O Level 27 Conjurations
 - Level 8.1 Transmutations
 O Level 27 Fire Magic
 O Level 27 Ice Magic
 - Level 0.4 Air Magic
 O Level 27 Earth Magic
 O Level 27 Evocations


You had 17 spell levels left.
You knew the following spells:

 Your Spells              Type           Power      Damage    Failure   Level
a - Sandblast             Erth           100%       2d20      0%          1
b - Passwall              Tmut/Erth      68%        N/A       0%          2
c - Stone Arrow           Conj/Erth      100%       3d13      0%          3
d - Petrify               Tmut/Erth      82%        N/A       1%          4
e - Lee's Rapid Deconstr  Erth           49%        3d24*     0%          5
f - Freezing Cloud        Conj/Ice/Air   52%        6-21      1%          5
g - Shatter               Erth           49%        3d38*     4%          9
h - Lehudib's Crystal Sp  Conj/Erth      61%        10d14     1%          8
i - Ignition              Fire           49%        3d14      1%          8
j - Sticky Flame          Conj/Fire      100%       2d11      0%          4
k - Polar Vortex          Ice            49%        N/A       4%          9

Your spell library contained the following spells:

 Spells                   Type           Power      Damage    Failure   Level
 Foxfire                  Conj/Fire      100%       2x1d9     0%          1
 Freeze                   Ice            100%       1d11      0%          1
 Frozen Ramparts          Ice            100%       1d16      0%          3
 Hailstorm                Conj/Ice       100%       3d20      0%          3
 Flame Wave               Conj/Fire      100%       2d21      0%          4
 Fireball                 Conj/Fire      61%        3d23      0%          5
 Iron Shot                Conj/Erth      61%        9d11      0%          6
 Starburst                Conj/Fire      61%        6d16      0%          6
 Kiss of Death            Conj/Necr      100%       2d13      1%          1
 Shock                    Conj/Air       100%       1d9       1%          1
 Static Discharge         Conj/Air       100%       2-7/arc   1%          2
 Ignite Poison            Fire/Tmut/Pois 69%        N/A       1%          3
 Kindle Blastsparks       Fire/Tloc/Air  100%       2d18      1%          3
 Mephitic Cloud           Conj/Pois/Air  81%        N/A       1%          3
 Fulminant Prism          Conj/Hex       46%        3d21      1%          4
 Iskenderun's Mystic Bla  Conj/Tloc      93%        2d18      1%          4
 Arcjolt                  Conj/Air       47%        1d57      1%          5
 Borgnjor's Vile Clutch   Necr/Erth      36%        N/A       1%          5
 Irradiate                Conj/Tmut      51%        3d28      1%          5
 Lightning Bolt           Conj/Air       47%        1d67      1%          5
 Conjure Ball Lightning   Conj/Air       47%        3x3d16    1%          6
 Poisonous Vapours        Pois/Air       60%        N/A       3%          2
 Fire Storm               Conj/Fire      61%        8d15      4%          9
 Simulacrum               Ice/Necr       36%        N/A       5%          6
 Apportation              Tloc           58%        N/A       10%         1
 Slow                     Hex            100%       N/A       10%         1
 Summon Small Mammal      Summ           100%       N/A       10%         1
 Call Canine Familiar     Summ           29%        N/A       28%         3
 Confusing Touch          Hex            29%        N/A       28%         3
 Summon Guardian Golem    Hex/Summ       29%        N/A       28%         3
 Vampiric Draining        Necr           29%        2d8       28%         3
 Alistair's Intoxication  Tmut/Pois      31%        N/A       45%         5
 Eringya's Noxious Bog    Tmut/Pois      23%        N/A       54%         6
 Anguish                  Hex/Necr       14%        N/A       67%         4
 Dispel Undead            Necr           29%        3d13      67%         4
 Passage of Golubria      Tloc           29%        N/A       67%         4
 Agony                    Necr           29%        N/A       95%         5
 Death Channel            Necr           14%        N/A       100%        6
 Summon Cactus Giant      Summ           14%        N/A       100%        6
 Storm Form               Tmut/Air       24%        N/A       100%        7
 Discord                  Hex            14%        N/A       100%        8
 Disjunction              Tloc           14%        N/A       100%        8
 Maxwell's Capacitive Co  Air            15%        ∞         100%        8
 Summon Horrible Things   Summ           14%        N/A       100%        8
 Chain Lightning          Conj/Air       47%        3d62      100%        9
 Cigotuvi's Dreadful Rot  Necr/Pois/Air  Unusable   N/A       N/A         2
 Sublimation of Blood     Necr           Unusable   N/A       N/A         2

Dungeon Overview and Level Annotations

Branches:
Dungeon (1/1)

Altars:
Ashenzari
Cheibriados
Dithmenos
Elyvilon
Fedhas
Gozag
Hepliaklqana
Kikubaaqudgha
Makhleb
Nemelex Xobeh
Okawaru
Qazlal
Ru
Sif Muna
Trog
Uskayaw
Vehumet
Wu Jian
Xom
Yredelemnul
Zin
The Shining One
Jiyva
Lugonu


Innate Abilities, Weirdness & Mutations

You are immune to sickness and miasma.
Your stone body is resilient. (AC +16)
You are immune to poison.
Your large and strong wings let you fly.
You resist negative energy. (rN+)
You are resistant to electric shocks. (rElec)
You are resistant to unholy torment.
You are immune to petrification.
Your magical capacity is low. (-10% MP)


Message History

Casting: Lee's Rapid Deconstruction (safe; 0% risk of failure)
Confirm with . or Enter, or press ? or * to list all spells.
Aiming: Lee's Rapid Deconstruction (safe; 0% risk of failure)
Press: ? - help, Dir - move target A metal wall.
The metal wall shatters!
The blast of metal fragments hits the Brimstone Fiend!!!
The Brimstone Fiend is severely wounded.
The Brimstone Fiend gestures at you.
The sphere of damnation explodes!
The damnation engulfs you!!
Unknown command.
Casting: Lee's Rapid Deconstruction (safe; 0% risk of failure)
Confirm with . or Enter, or press ? or * to list all spells.
Aiming: Lee's Rapid Deconstruction (safe; 0% risk of failure)
Press: ? - help, Dir - move target A metal wall.
The metal wall shatters!
The blast of metal fragments hits the Brimstone Fiend!
The Brimstone Fiend is almost dead.
Unknown command.
Unknown command.
Casting: Lee's Rapid Deconstruction (safe; 0% risk of failure)
Confirm with . or Enter, or press ? or * to list all spells.
Aiming: Lee's Rapid Deconstruction (safe; 0% risk of failure)
Press: ? - help, Dir - move target A metal wall.
The metal wall shatters!
The blast of metal fragments hits the Brimstone Fiend!!!
You kill the Brimstone Fiend!
Vehumet accepts your kill.
You feel your power returning.
Your Staves skill increases to level 20!
Unknown command.
There is a huge open gate here.
There is a huge open gate leading to the Armoury (Hard) here.
Things that are here:
a +0 robe; a +0 rapier
There is an open door to the Entrance Hall (Safe) here.
There is a staircase leading out of the dungeon here.
You have escaped!

##########.##................''..
#.........[.'..........[.....''..
#'#####'#####......#..#......##..
#.#.....#..##................##..
#.#.....#))#####'#####''#########
#.###'###))##.......##''# ######
#.#.....#))##.......##..# #.....
#.#.....#[[##.......##..# #..#'#.
#.####'##'###...@...##..##..##.##
#.#..).....##.......##..##.##...#
#.#........##.......##..####.....
#'###########.......##...##......
#.......#..###########....'......
#.###...#.############...##......
#.#)....#)#....#...[##..####.....
#.#...#.#)#....#..[[##..##.##...#
#.....#.#.'....'..))##..##..##.##


There were no monsters in sight!

Vanquished Creatures
  Dissolution (D)
  the Serpent of Hell (D)
  Khufu (D)
  Mara (D)
  3 orbs of fire (D)
  9 ancient liches (D)
  Mennas (D)
  2 royal mummies (D)
  A Killer Klown (D)
  the Lernaean hydra (D)
  Boris (D)
  Frederick (D)
  Xtahua (D)
  Margery (D)
  Geryon (D)
  13 golden dragons (D)
  A bone dragon (D)
  Jory (D)
  2 pearl dragons (D)
  7 Tzitzimimeh (D)
  2 Brimstone Fiends (D)
  2 electric golems (D)
  2 tentacled monstrosities (D)
  2 hellephants (D)
  3 Hell Sentinels (D)
  2 Ice Fiends (D)
  4 liches (D)
  26 Orb Guardians (D)
  8 titans (D)
  4 deep elf blademasters (D)
  4 deep elf master archers (D)
  4 acid blobs (D)
  Murray (D)
  2 Executioners (D)
  4 pandemonium lords (D)
  9 quicksilver dragons (D)
  2 sphinxes (D)
  3 death cobs (D)
  5 storm dragons (D)
  15 shadow dragons (D)
  2 nagarajas (D)
  A rockslime (D)
  3 draconian knights (D)
  Donald (D)
  4 fire giants (D)
  A daeva (D)
  Ilsuiw (D)
  Louise (D)
  4 balrugs (D)
  A draconian scorcher (D)
  2 frost giants (D)
  A deep elf sorcerer (D)
  6 iron dragons (D)
  A ghost moth (D)
  An angel (D)
  3 cacodemons (D)
  4 orc warlords (D)
  A draconian stormcaller (D)
  2 ghouls (D)
  4 draconian annihilators (D)
  2 stone giants (D)
  An ophan (D)
  2 vampire knights (D)
  An apis (D)
  5 lorocyprocas (D)
  2 deep elf annihilators (D)
  A red draconian (D)
  2 yellow draconians (D)
  3 minotaurs (D)
  A purple draconian (D)
  2 white draconians (D)
  A green draconian (D)
  2 black draconians (D)
  5 green deaths (D)
  4 blizzard demons (D)
  A deep elf death mage (D)
  2 mummy priests (D)
  7 ettins (D)
  A merfolk javelineer (D)
  A yaktaur captain (D)
  A merfolk impaler (D)
  A deep elf high priest (D)
  7 fire dragons (D)
  9 hydras (D)
  A hell beast (D)
  10 ice dragons (D)
  4 vault guards (D)
  A spriggan air mage (D)
  9 ogre magi (D)
  An alligator (D)
  A death knight (D)
  A dancing weapon (D)
  2 anacondas (D)
  A death yak (D)
  12 two-headed ogres (D)
  2 naga warriors (D)
  2 vampire magi (D)
  4 hell hogs (D)
  A spriggan berserker (D)
  5 sun demons (D)
  12 hell knights (D)
  2 iron trolls (D)
  A fire crab (D)
  2 deep elf knights (D)
  A flayed ghost (D)
  2 sixfirhies (D)
  2 cherubim (D)
  14 swamp dragons (D)
  14 deep trolls (D)
  A bog body (D)
  3 necromancers (D)
  A phantasmal warrior (D)
  A deep elf pyromancer (D)
  2 wizards (D)
  3 lindwurms (D)
  11 orc knights (D)
  A manticore (D)
  3 ugly things (D)
  An orc sorcerer (D)
  6 cyclopes (D)
  A manticore (shapeshifter) (D)
  An elephant (D)
  A salamander (shapeshifter) (D)
  Maurice (D)
  2 black mambas (D)
  A naga mage (D)
  A merfolk siren (D)
  A gargoyle (D)
  A smoke demon (D)
  A rime drake (D)
  2 unseen horrors (D)
  2 hellions (D)
  2 kobold demonologists (D)
  3 ice devils (D)
  2 freezing wraiths (D)
  6 yaktaurs (D)
  2 tormentors (D)
  A merfolk (D)
  10 trolls (D)
  A guardian mummy (D)
  A tarantella (D)
  A polar bear (D)
  A wandering mushroom (D)
  A hornet (D)
  Grinder (D)
  Sigmund (D)
  2 jumping spiders (D)
  A spriggan (D)
  A shadow (D)
  2 air elementals (D)
  3 ynoxinuls (D)
  A wyvern (D)
  A vampire (D)
  12 yaks (D)
  5 vampire mosquitoes (D)
  2 redbacks (D)
  2 neqoxecs (D)
  2 wargs (D)
  2 water moccasins (D)
  7 orc warriors (D)
  3 swamp drakes (D)
  2 sky beasts (D)
  A wolf (D)
  6 ogres (D)
  A phantom (D)
  A kobold brigand (D)
  A bullfrog (D)
  A necrophage (D)
  4 killer bees (D)
  An iron imp (D)
  A gnoll bouda (D)
  A hound (D)
  An orc priest (D)
  3 orc wizards (D)
  A gnoll (shapeshifter) (D)
  3 adders (D)
  A white imp (D)
  An adder zombie (D)
  12 orcs (D)
  4 bats (D)
  A bat skeleton (D)
  An endoplasm (D)
  2 goblins (D)
  A hobgoblin (D)
  6 jackals (D)
  4 kobolds (D)
  2 quokkas (D)
  A ball python simulacrum (D)
  2 ball python skeletons (D)
  A ball python zombie (D)
  2 giant cockroach simulacra (D)
  A quokka simulacrum (D)
566 creatures vanquished.

Vanquished Creatures (collateral kills)
  Ereshkigal (D)
  Gloorx Vloq (D)
  A golden dragon (D)
  3 profane servitors (D)
  A hellephant (D)
  A titan (D)
  A deep elf master archer (D)
  A sphinx (D)
  A storm dragon (D)
  A cacodemon (D)
  2 ghouls (D)
  A green draconian (D)
  A yellow draconian (D)
  A mummy priest (D)
  5 fire dragons (D)
  A deep elf death mage (D)
  2 two-headed ogres (D)
  6 hell knights (D)
  A soul eater (D)
  2 yaktaurs (D)
  An ogre (D)
35 creatures vanquished.

Vanquished Creatures (others)
  2 fire dragons (D)
  A hell beast (D)
3 creatures vanquished.

Grand Total: 604 creatures vanquished

Notes
Turn   | Place    | Note
-------+----------+-------------------------------------------
     0 | D        | mhtbhm the Gargoyle Earth Elementalist began the quest for
                  | the Orb.
     0 | D        | Reached XP level 1. HP: 10/10 MP: 3/3
    15 | D        | Found a bloodstained altar of Trog.
    15 | D        | Found a shimmering blue altar of Sif Muna.
    15 | D        | Found a viscous altar of Jiyva.
    15 | D        | Found a hazy altar of Hepliaklqana.
    15 | D        | Found an opulent altar of Gozag.
    16 | D        | Found a glowing golden altar of the Shining One.
    16 | D        | Found a glowing silver altar of Zin.
    16 | D        | Found a basalt altar of Yredelemnul.
    16 | D        | Found a shimmering altar of Xom.
    16 | D        | Found an ornate altar of the Wu Jian Council.
    16 | D        | Found a sacrificial altar of Ru.
    16 | D        | Found a stormy altar of Qazlal.
    16 | D        | Found an iron altar of Okawaru.
    16 | D        | Found a sparkling altar of Nemelex Xobeh.
    16 | D        | Found a burning altar of Makhleb.
    16 | D        | Found a blossoming altar of Fedhas.
    16 | D        | Found a white marble altar of Elyvilon.
    16 | D        | Found a shadowy altar of Dithmenos.
    16 | D        | Found a snail-covered altar of Cheibriados.
    18 | D        | Found a radiant altar of Vehumet.
    18 | D        | Found a corrupted altar of Lugonu.
    19 | D        | Found a hide-covered altar of Uskayaw.
    19 | D        | Found an ancient bone altar of Kikubaaqudgha.
    19 | D        | Found a broken altar of Ashenzari.
    26 | D        | Became a worshipper of Vehumet
   192 | D        | Reached * piety under Vehumet
   192 | D        | Offered knowledge of Magic Dart by Vehumet.
   195 | D        | Reached XP level 2. HP: 15/15 MP: 1/5
   239 | D        | Reached skill level 5 in Earth Magic
   272 | D        | Reached ** piety under Vehumet
   375 | D        | Offered knowledge of Static Discharge by Vehumet.
   421 | D        | Learned a level 2 spell: Passwall
   485 | D        | Noticed a sky beast
   487 | D        | Reached *** piety under Vehumet
   491 | D        | Killed a sky beast
   492 | D        | Reached skill level 5 in Spellcasting
   492 | D        | Reached skill level 1 in Transmutations
   492 | D        | Reached XP level 3. HP: 14/19 MP: 3/10
   492 | D        | Reached XP level 4. HP: 18/24 MP: 3/11
   666 | D        | Learned a level 3 spell: Stone Arrow
   671 | D        | Learned a level 4 spell: Petrify
   675 | D        | Offered knowledge of Momentum Strike by Vehumet.
   677 | D        | Reached XP level 5. HP: 28/28 MP: 10/13
   699 | D        | Reached **** piety under Vehumet
   700 | D        | Noticed Grinder
   704 | D        | Killed Grinder
   705 | D        | Reached XP level 6. HP: 32/32 MP: 13/17
  1033 | D        | Noticed Sigmund
  1033 | D        | Noticed a water moccasin
  1033 | D        | Noticed a sky beast
  1036 | D        | Killed a sky beast
  1036 | D        | Offered knowledge of Kindle Blastsparks by Vehumet.
  1037 | D        | Reached skill level 1 in Conjurations
  1037 | D        | Reached XP level 7. HP: 33/36 MP: 9/19
  1042 | D        | Reached ***** piety under Vehumet
  1049 | D        | Killed Sigmund
  1050 | D        | Reached skill level 10 in Spellcasting
  1239 | D        | Noticed a black mamba
  1239 | D        | Noticed a merfolk
  1244 | D        | Killed a black mamba
  1244 | D        | Offered knowledge of Lee's Rapid Deconstruction by Vehumet.
  1245 | D        | Reached skill level 1 in Fighting
  1245 | D        | Reached skill level 1 in Evocations
  1245 | D        | Reached XP level 8. HP: 16/43 MP: 17/22
  1250 | D        | Killed a merfolk
  1487 | D        | Learned a level 5 spell: Lee's Rapid Deconstruction
  1607 | D        | Killed an unseen horror
  1607 | D        | Offered knowledge of Irradiate by Vehumet.
  1608 | D        | Reached skill level 5 in Conjurations
  1608 | D        | Reached skill level 15 in Earth Magic
  1608 | D        | Reached XP level 9. HP: 10/49 MP: 10/24
  1887 | D        | Reached ****** piety under Vehumet
  2128 | D        | Offered knowledge of Olgreb's Toxic Radiance by Vehumet.
  2158 | D        | Noticed a manticore
  2158 | D        | Noticed a lindwurm
  2276 | D        | Killed a lindwurm
  2276 | D        | Killed a manticore
  2277 | D        | Reached XP level 10. HP: 56/56 MP: 23/28
  2283 | D        | Noticed a smoke demon
  2285 | D        | Killed a smoke demon
  2285 | D        | Offered knowledge of Iron Shot by Vehumet.
  2340 | D        | Noticed a vampire mage
  2340 | D        | Noticed a death yak
  2343 | D        | Killed a vampire mage
  2344 | D        | Reached skill level 15 in Spellcasting
  2345 | D        | Killed a death yak
  2543 | D        | Noticed a phantasmal warrior
  2547 | D        | Killed a phantasmal warrior
  2547 | D        | Offered knowledge of Eringya's Noxious Bog by Vehumet.
  2548 | D        | Reached XP level 11. HP: 60/60 MP: 23/31
  2601 | D        | Noticed Maurice
  2601 | D        | Noticed a flayed ghost
  2607 | D        | Killed a flayed ghost
  2619 | D        | Killed Maurice
  2934 | D        | Got the Lessons on Forceful Death
  2938 | D        | Got the Treatise on Distorted Fog
  3033 | D        | Offered knowledge of Arcjolt by Vehumet.
  3330 | D        | Offered knowledge of Freezing Cloud by Vehumet.
  3337 | D        | Learned a level 5 spell: Freezing Cloud
  3445 | D        | Noticed a bog body
  3448 | D        | Killed a bog body
  3448 | D        | Noticed a sun demon
  3455 | D        | Killed a sun demon
  3828 | D        | Noticed a cyan ugly thing
  3828 | D        | Noticed a rockslime
  3828 | D        | Noticed a deep elf pyromancer
  3828 | D        | Noticed a fire crab
  3829 | D        | Killed a deep elf pyromancer
  3831 | D        | Killed a rockslime
  3831 | D        | Killed a cyan ugly thing
  3832 | D        | Reached skill level 5 in Stealth
  3832 | D        | Reached XP level 12. HP: 66/66 MP: 34/34
  3832 | D        | Offered knowledge of Orb of Destruction by Vehumet.
  4085 | D        | Noticed a minotaur
  4085 | D        | Noticed a sphinx
  4086 | D        | Noticed a vampire mage
  4087 | D        | Identified the ring "Zempasch" {rCorr Dex+4 Slay+2}
  4087 | D        | Noticed a deep elf death mage
  4087 | D        | Noticed a death cob
  4089 | D        | Killed a deep elf death mage
  4092 | D        | Killed a minotaur
  4093 | D        | Noticed an anaconda
  4094 | D        | Killed an anaconda
  4094 | D        | Killed a death cob
  4094 | D        | Offered knowledge of Lehudib's Crystal Spear by Vehumet.
  4094 | D        | Offered knowledge of Shatter by Vehumet.
  4094 | D        | Offered knowledge of Ignition by Vehumet.
  4095 | D        | Reached skill level 5 in Dodging
  4098 | D        | Noticed Donald
  4099 | D        | Killed a sphinx
  4102 | D        | Killed a vampire mage
  4103 | D        | Killed Donald
  4107 | D        | Reached XP level 13. HP: 39/70 MP: 15/37
  4153 | D        | Reached skill level 1 in Ice Magic
  4359 | D        | Got the Disquisition on the Arsonist
  4370 | D        | Learned a level 9 spell: Shatter
  4379 | D        | Learned a level 8 spell: Lehudib's Crystal Spear
  4388 | D        | Learned a level 8 spell: Ignition
  4393 | D        | Learned a level 4 spell: Sticky Flame
  4545 | D        | Noticed a death cob
  4549 | D        | Killed a death cob
  4743 | D        | Noticed an orc warlord
  4744 | D        | Noticed an orc warlord
  4749 | D        | Killed an orc warlord
  4750 | D        | Noticed a yaktaur captain
  4750 | D        | Noticed a vault guard
  4750 | D        | Noticed a vault guard
  4754 | D        | Killed an orc warlord
  4754 | D        | Killed a vault guard
  4755 | D        | Killed a vault guard
  4758 | D        | Killed a yaktaur captain
  4761 | D        | Reached skill level 27 in Earth Magic
  4765 | D        | Gained mutation: Your large and strong wings let you fly.
                  | [Gargoyle growth]
  4765 | D        | Reached XP level 14. HP: 24/76 MP: 19/42
  4924 | D        | Got the +9 demon whip of Anguish {drain, rElec rC- Will++
                  | Int+4}
  5173 | D        | Noticed a royal mummy
  5177 | D        | Noticed an emperor scorpion
  5177 | D        | Noticed an emperor scorpion
  5177 | D        | Killed a royal mummy
  5329 | D        | Noticed an orb of fire
  5331 | D        | Gained mutation: You are dopey. (Int -2) [an orb of fire]
  5611 | D        | Killed an orb of fire
  5612 | D        | Reached skill level 5 in Armour
  5834 | D        | Noticed Xtahua
  5834 | D        | Noticed a lorocyproca
  5834 | D        | Noticed Murray
  5834 | D        | Noticed a deep elf blademaster
  5834 | D        | Noticed a fire giant
  5836 | D        | Noticed Gieros the pandemonium lord
  5839 | D        | Killed a fire giant
  5839 | D        | Killed a deep elf blademaster
  5840 | D        | Reached skill level 5 in Fighting
  5841 | D        | Killed a lorocyproca
  5843 | D        | Killed Murray
  5844 | D        | Killed Xtahua
  5845 | D        | Killed Gieros the pandemonium lord
  6029 | D        | Noticed a storm dragon
  6031 | D        | Killed a storm dragon
  6032 | D        | Reached skill level 1 in Fire Magic
  6073 | D        | Noticed an ancient lich
  6075 | D        | Killed an ancient lich
  6076 | D        | Reached skill level 10 in Conjurations
  6086 | D        | Noticed a deep elf blademaster
  6088 | D        | Killed a deep elf blademaster
  6089 | D        | Reached skill level 10 in Armour
  6124 | D        | Noticed an orb of fire
  6273 | D        | Noticed a lich
  6273 | D        | Noticed a deep elf sorcerer
  6275 | D        | Killed a lich
  6276 | D        | Reached skill level 27 in Spellcasting
  6276 | D        | Reached XP level 15. HP: 82/82 MP: 36/46
  6276 | D        | Killed a deep elf sorcerer
  6276 | D        | Noticed a sphinx
  6277 | D        | Noticed an ancient lich
  6279 | D        | Noticed a nagaraja
  6280 | D        | Reached skill level 5 in Fire Magic
  6281 | D        | Killed a sphinx
  6283 | D        | Killed an ancient lich
  6283 | D        | Killed a white draconian stormcaller
  6285 | D        | Noticed an orc warlord
  6286 | D        | Noticed a lich
  6287 | D        | Killed a lich
  6288 | D        | Killed a nagaraja
  6292 | D        | Killed an orc warlord
  6292 | D        | Noticed a lich
  6293 | D        | Reached skill level 10 in Dodging
  6295 | D        | Killed a lich
  6296 | D        | Reached skill level 10 in Fire Magic
  6338 | D        | Got the Quarto of Mortification and Companions
  6347 | D        | Got Pytaeleth's Precepts of the Squall and Unhallowed
                  | Secrets
  6354 | D        | Got Jamyxel's Disquisition on Summoned Conflagration
  6498 | D        | Got the ring of Salvation {Wiz Dex+4}
  6500 | D        | Got the amulet "Diog" {RegenMP +Inv rElec rN+ Int+7}
  6502 | D        | Got the ring "Femann" {rC+ Str+4 Dex+6}
  6504 | D        | Got the amulet "Fidgh" {Acrobat rPois Str-4 Stlth+}
  6506 | D        | Got the amulet of Cujas {Spirit rElec rCorr Dex-3 Stlth+}
  6508 | D        | Got the ring "Vaqeanan" {Str+2 Dex-3 Slay+5 Stlth+}
  6510 | D        | Got the amulet "Inleimid" {Faith *Corrode Int+9}
  6512 | D        | Got the ring "Bopagia" {Str+3 Slay+5}
  6514 | D        | Got the ring of Sehuuzxekh {rF- rCorr MP+9 Str+6 Int+5}
  6516 | D        | Got the amulet of Suyv {Reflect Will+ SH+5}
  6518 | D        | Got the amulet "Cimedgh" {Reflect rPois Int-3 Dex+2 SH+5}
  6520 | D        | Got the amulet of Xowab {Spirit rC- Will+++ Dex+9}
  6522 | D        | Got the ring "Ofemujeg" {Will+ Str+6 Int+2 Dex+4 Stlth-}
  6535 | D        | Got the ring "Efuuschu" {rF+ Will+ Int+2}
  6537 | D        | Got the ring "Ufit" {rPois rC+}
  6539 | D        | Got the ring "Erunwi Maoso" {rElec rPois rF- rC+ Stlth+}
  6541 | D        | Got the ring of Nach {Dex+6 Slay+3}
  6543 | D        | Got the ring "Myprad" {rF+ rC+ rN+ Dex+6}
  6545 | D        | Got the ring of Dawn {Will+ EV+6}
  6547 | D        | Got the ring of Anarchy {*Corrode Str+8 Dex+6}
  6558 | D        | Got the ring "Yraepoxzou" {rElec Str+4 Dex+6}
  6568 | D        | Got the ring of Wu Jian's Reproof {rElec Int+7 Dex+6}
  6570 | D        | Got the ring of Jahyz {Will+ AC+6 Str+2 Dex+2}
  6573 | D        | Got the ring of Lokoal {Will+ Int+6}
  6575 | D        | Got the ring "Noloroun" {rN+ Int+8}
  6577 | D        | Got the ring "Myipsio" {rF++ AC+6 Str+8 Slay-2}
  6663 | D        | Noticed a Tzitzimitl
  6671 | D        | Killed a Tzitzimitl
  6671 | D        | Noticed a fire giant
  6672 | D        | Noticed a Hell Sentinel
  6676 | D        | Killed a fire giant
  6678 | D        | Noticed a Tzitzimitl
  6679 | D        | Killed a Hell Sentinel
  6680 | D        | Reached skill level 15 in Armour
  6685 | D        | Killed a Tzitzimitl
  6823 | D        | Noticed a titan
  6829 | D        | Noticed an ancient lich
  6833 | D        | Noticed a pearl dragon
  6834 | D        | Noticed an iron dragon
  6835 | D        | Killed an ancient lich
  6836 | D        | Reached skill level 15 in Conjurations
  6842 | D        | Killed a titan
  6843 | D        | Reached XP level 16. HP: 64/87 MP: 17/47
  6932 | D        | Noticed a deep elf blademaster
  6936 | D        | Killed a deep elf blademaster
  6944 | D        | Killed a pearl dragon
  6945 | D        | Noticed a deep elf master archer
  6947 | D        | Killed a deep elf master archer
  7002 | D        | Noticed a titan
  7005 | D        | Reached skill level 15 in Fire Magic
  7015 | D        | Killed a titan
  7143 | D        | Noticed an Executioner
  7150 | D        | Killed an Executioner
  7238 | D        | Noticed Mara
  7270 | D        | Noticed an Executioner
  7272 | D        | Killed an Executioner
  7273 | D        | Reached skill level 15 in Dodging
  7345 | D        | Noticed a Brimstone Fiend
  7347 | D        | Killed Mara
  7348 | D        | Killed a Brimstone Fiend
  7349 | D        | Reached skill level 1 in Shields
  7349 | D        | Reached skill level 5 in Evocations
  7350 | D        | Noticed a Tzitzimitl
  7390 | D        | Noticed Geryon
  7395 | D        | Noticed a titan
  7397 | D        | Noticed an acid blob
  7398 | D        | Killed a titan
  7402 | D        | Noticed the Serpent of Hell
  7403 | D        | Killed an acid blob
  7404 | D        | Noticed a storm dragon
  7407 | D        | Noticed a deep elf master archer
  7411 | D        | Noticed a golden dragon
  7436 | D        | Killed the Serpent of Hell
  7680 | D        | Noticed Mennas
  7682 | D        | Noticed a storm dragon
  7821 | D        | Killed Mennas
  7822 | D        | Reached XP level 17. HP: 40/96 MP: 30/48
  7979 | D        | Killed a Tzitzimitl
  8514 | D        | Noticed Fueraoh the pandemonium lord
  8519 | D        | Gained mutation: You are frail. (-10% HP) [an orb of fire]
  8525 | D        | Gained mutation: Your magical capacity is low. (-10% MP)
                  | [an orb of fire]
  8532 | D        | Killed an orb of fire
  8610 | D        | Killed Fueraoh the pandemonium lord
  8632 | D        | Noticed Boris
  8635 | D        | Killed Boris
  8814 | D        | Noticed a Tzitzimitl
  8825 | D        | Killed a Tzitzimitl
  8923 | D        | Noticed a lich
  8928 | D        | Killed a lich
  8955 | D        | Noticed an acid blob
  8962 | D        | Killed an acid blob
  9261 | D        | Noticed a quicksilver dragon
  9270 | D        | Killed a quicksilver dragon
  9339 | D        | Noticed Margery
  9343 | D        | Killed Margery
  9415 | D        | Killed Geryon
  9416 | D        | Reached skill level 5 in Shields
  9478 | D        | Noticed Dissolution
  9510 | D        | Gained mutation: You occasionally lose the ability to drink
                  | potions when taking damage. [a shining eye]
  9510 | D        | Paralysed by a floating eye for 4 turns
  9513 | D        | Gained mutation: Your body sometimes deteriorates upon
                  | taking damage. [a shining eye]
  9523 | D        | Killed Dissolution
  9524 | D        | Reached skill level 10 in Fighting
  9684 | D        | Noticed a Tzitzimitl
  9688 | D        | Killed a Tzitzimitl
  9740 | D        | Noticed a tentacled monstrosity
  9745 | D        | Killed a tentacled monstrosity
  9841 | D        | Noticed a royal mummy
  9848 | D        | Killed a royal mummy
  9969 | D        | Noticed a hellephant
  9976 | D        | Killed a hellephant
 10039 | D        | Noticed a deep elf master archer
 10044 | D        | Killed a deep elf master archer
 10045 | D        | Reached XP level 18. HP: 91/97 MP: 33/44
 10209 | D        | Noticed a Hell Sentinel
 10214 | D        | Killed a Hell Sentinel
 10393 | D        | Got the ring of Seruom {Ice rN+ Dex+3 Stlth-}
 10414 | D        | Got the amulet of Ymesairch {Acrobat Str+2}
 10416 | D        | Got the amulet "Iczefeze" {RegenMP rPois}
 10418 | D        | Got the amulet of Virhyu {Reflect rElec Will- Int+7 Dex+2
                  | SH+5}
 10420 | D        | Got the ring "Luorest" {Slay+3 SInv}
 10422 | D        | Got the ring "Ciafun" {rCorr Str+3}
 10424 | D        | Got the ring of the Shrinking Madman {Fire rN+ Will- Str+4}
 10426 | D        | Got the ring "Golarann" {rPois rC+ rCorr Dex+2 SInv}
 10508 | D        | Noticed a titan
 10516 | D        | Killed a titan
 10637 | D        | Noticed an ancient lich
 10642 | D        | Noticed a golden dragon
 10643 | D        | Killed an ancient lich
 10644 | D        | Reached skill level 10 in Evocations
 10655 | D        | Noticed an ancient lich
 11015 | D        | Lost mutation: You are frail. (-10% HP) [potion of
                  | mutation]
 11015 | D        | Lost mutation: You occasionally lose the ability to drink
                  | potions when taking damage. [potion of mutation]
 11015 | D        | Lost mutation: Your body sometimes deteriorates upon taking
                  | damage. [potion of mutation]
 11015 | D        | Lost mutation: You are dopey. (Int -2) [potion of mutation]
 11017 | D        | Killed an ancient lich
 11163 | D        | Noticed Frederick
 11170 | D        | Killed Frederick
 11322 | D        | Noticed a Tzitzimitl
 11329 | D        | Killed a Tzitzimitl
 11336 | D        | Killed a golden dragon
 11808 | D        | Got the amulet of Rohewk {RegenMP Str-2 Int+5 SInv}
 11813 | D        | Got the ring "Byenk" {rPois rC+}
 11816 | D        | Got the ring of Zin's Castigation {rPois Str+4 Int+4 Dex+4}
 11820 | D        | Got the ring "Zuplilif" {Fly Dex+3}
 11822 | D        | Got the ring "Urodud" {rN+ MP+9}
 11825 | D        | Got the ring of Rotiwn {rF+ Str+3 Slay+5}
 11831 | D        | Got the ring "Cidimey" {Fly rC+++ Str+4 Int-5 SInv Stlth+}
 11838 | D        | Got an iron rune of Zot
 11842 | D        | Got the amulet "Oted" {Spirit Drain +Inv rElec Regen+}
 11880 | D        | Upgraded the game from 0.30-a0-168-g0b976cbdc4 to
                  | 0.30-a0-170-g85af917532
 11884 | D        | Got the ring of Pohesari {rN+ Int+7}
 11992 | D        | Noticed Louise
 11993 | D        | Killed Louise
 12227 | D        | Killed a deep elf master archer
 12417 | D        | Noticed Gloorx Vloq
 12430 | D        | Killed Gloorx Vloq
 12745 | D        | Noticed Khufu
 12747 | D        | Noticed an Ice Fiend
 12754 | D        | Killed Khufu
 12755 | D        | Reached skill level 27 in Conjurations
 12759 | D        | Killed an Ice Fiend
 12997 | D        | Noticed Jory
 13011 | D        | Killed Jory
 13054 | D        | Noticed Ilsuiw
 13063 | D        | Killed Ilsuiw
 13092 | D        | Noticed a deep elf master archer
 13104 | D        | Killed a deep elf master archer
 13402 | D        | Reached XP level 19. HP: 112/116 MP: 12/45
 14329 | D        | Noticed a profane servitor
 14340 | D        | Noticed a profane servitor
 14342 | D        | Killed a profane servitor
 14356 | D        | Killed a profane servitor
 14357 | D        | Reached skill level 10 in Shields
 14620 | D        | Noticed a profane servitor
 14623 | D        | Reached skill level 27 in Dodging
 14639 | D        | Killed a profane servitor
 14940 | D        | Found the +3 Mad Mage's Maulers {Infuse+∞ RegenMP Int-3}
 15065 | D        | Found the +3 pair of gauntlets of War {Slay+5}
 15067 | D        | Reached skill level 27 in Armour
 15143 | D        | Got a silver rune of Zot
 15191 | D        | Got the ring "Adif" {Wiz rCorr MP-9 Int+3 Dex+4}
 15405 | D        | Noticed a golden dragon
 15405 | D        | Noticed a golden dragon
 15405 | D        | Noticed a golden dragon
 15405 | D        | Noticed a golden dragon
 15405 | D        | Noticed a golden dragon
 15406 | D        | Noticed a golden dragon
 15408 | D        | Reached skill level 27 in Fire Magic
 15408 | D        | Reached XP level 20. HP: 99/126 MP: 45/45
 15408 | D        | Noticed a golden dragon
 15408 | D        | Killed a golden dragon
 15409 | D        | Reached skill level 15 in Shields
 15409 | D        | Reached skill level 5 in Transmutations
 15409 | D        | Killed a golden dragon
 15409 | D        | Killed a golden dragon
 15409 | D        | Killed a golden dragon
 15410 | D        | Reached skill level 15 in Fighting
 15410 | D        | Killed a golden dragon
 15412 | D        | Killed a golden dragon
 15412 | D        | Noticed a golden dragon
 15418 | D        | Noticed a golden dragon
 15418 | D        | Noticed a Killer Klown
 15419 | D        | Killed a golden dragon
 15419 | D        | Noticed a golden dragon
 15421 | D        | Noticed a golden dragon
 15425 | D        | Killed a golden dragon
 15426 | D        | Killed a golden dragon
 15426 | D        | Killed a Killer Klown
 15432 | D        | Noticed a golden dragon
 15439 | D        | Killed a golden dragon
 15441 | D        | Killed a golden dragon
 15443 | D        | Killed a golden dragon
 15450 | D        | Reached skill level 27 in Evocations
 15451 | D        | Reached XP level 21. HP: 71/141 MP: 0/46
 15454 | D        | Reached skill level 1 in Staves
 15465 | D        | Got Tuhasm's Almanac of Cloudy Profane Rites
 15469 | D        | Got the Handbook of the Metallic Pyre
 15504 | D        | Got the ring "Hogecia" {rF+ Str+2 Slay+3}
 15519 | D        | Got a golden rune of Zot
 15727 | D        | Learned a level 9 spell: Polar Vortex
 15732 | D        | Noticed the 27-headed Lernaean hydra
 15732 | D        | Noticed a bone dragon
 15736 | D        | Killed the 27-headed Lernaean hydra
 15737 | D        | Noticed Ereshkigal
 15740 | D        | Killed a bone dragon
 15743 | D        | Reached skill level 5 in Staves
 15760 | D        | Noticed a golden dragon
 15769 | D        | Killed Ereshkigal
 15770 | D        | Reached skill level 15 in Ice Magic
 15772 | D        | Killed a golden dragon
 17016 | D        | Noticed Mosacuv the pandemonium lord
 17033 | D        | Killed Mosacuv the pandemonium lord
 17188 | D        | Noticed an ancient lich
 17195 | D        | Killed an ancient lich
 17519 | D        | Reached skill level 10 in Staves
 17691 | D        | Noticed a pearl dragon
 17695 | D        | Killed a pearl dragon
 17793 | D        | Noticed an orb of fire
 17810 | D        | Killed an orb of fire
 18467 | D        | Reached XP level 22. HP: 160/160 MP: 47/47
 18467 | D        | Noticed an ancient lich
 18468 | D        | Noticed an ancient lich
 18471 | D        | Reached skill level 27 in Ice Magic
 18471 | D        | Killed an ancient lich
 18471 | D        | Killed an ancient lich
 18471 | D        | Noticed Owah the pandemonium lord
 18476 | D        | Noticed an ancient lich
 18482 | D        | Killed Owah the pandemonium lord
 18483 | D        | Killed an ancient lich
 19016 | D        | Got the Orb of Zot
 19078 | D        | Reached skill level 27 in Fighting
 19135 | D        | Escaped with the Orb!

Illustrated notes

Levels and vault maps discovered:
D:        pitsprint [storerooms_1, entrance_room_1, metal_vault_3, armoury_1,
          mini_pit_1, grid_room_1, main_hall_1, silver_pit, the_coven_3,
          the_vestibule_1, steel_vault_5, golden_pit, hallway_of_sentries,
          crystal_vault_2, iron_vault_2, final_vault]

Skill      XL: |  1  2  3  4  5  6  7  8  9 10 11 12 13 14 15 16 17 18 19 20 21 22 |
---------------+-------------------------------------------------------------------+-----
Earth Magic    | 4 8 9 11 12 14 15 17 19 22 24 27 | 27.0
Dodging        | 2 3 4 5 7 13 17 20 24 27 | 27.0
Spellcasting   | 5 6 8 9 10 11 14 16 18 20 24 27 | 27.0
Stealth        | 3 4 5 6 |  6.5
Transmutations | 1 2 4 8 |  8.1
Conjurations   | 1 3 5 6 7 10 15 20 24 27 | 27.0
Fighting       | 1 2 3 4 5 7 10 11 13 18 23 27 | 27.0
Evocations     | 1 2 7 9 12 18 27 | 27.0
Ice Magic      | 1 26 27 | 27.0
Armour         | 10 15 19 21 24 27 | 27.0
Fire Magic     | 4 13 18 20 23 27 | 27.0
Shields        | 2 6 9 13 21 22 | 22.2
Staves         | 14 20 | 20.4
Air Magic      | |  0.4

Action                   |  1- 3 |  4- 6 |  7- 9 | 10-12 | 13-15 | 16-18 | 19-21 | 22-24 || total
-------------------------+-------+-------+-------+-------+-------+-------+-------+-------++-------
Melee: Quarterstaff      |       |       |     1 |       |       |       |       |       ||     1
       Staff             |       |       |       |       |     1 |    34 |    91 |       ||   126
 Cast: Sandblast         |    18 |    13 |    12 |    14 |     4 |    20 |     3 |       ||    84
       Stone Arrow       |       |     5 |    11 |     7 |     2 |     5 |    19 |     3 ||    52
       Lee's Rapid Decon |       |       |    16 |    50 |    50 |   160 |    41 |     4 ||   321
       Petrify           |       |       |     2 |     1 |       |     2 |     1 |       ||     6
       Freezing Cloud    |       |       |       |     1 |     4 |     3 |     5 |       ||    13
       Lehudib's Crystal |       |       |       |       |    38 |    89 |    81 |    13 ||   221
       Shatter           |       |       |       |       |     8 |    20 |    11 |    11 ||    50
       Sticky Flame      |       |       |       |       |       |     2 |     1 |     1 ||     4
       Ignition          |       |       |       |       |       |     2 |    32 |       ||    34
Evoke: Wand              |       |       |     7 |       |       |    11 |       |       ||    18
       Box of beasts     |       |       |       |       |       |     6 |     4 |       ||    10
       Tin of tremorston |       |       |       |       |       |     2 |       |       ||     2
       Horn of Geryon    |       |       |       |       |       |     7 |    11 |       ||    18
       Phantom mirror    |       |       |       |       |       |       |     5 |       ||     5
  Use: Potion            |       |       |     7 |     4 |     7 |    21 |    16 |       ||    55
       Scroll            |       |       |       |     1 |     2 |     3 |     3 |       ||     9
 Stab: Distracted        |       |       |       |       |       |     1 |     1 |       ||     2
Armor: Robe              |     2 |     2 |    10 |    20 |    14 |   153 |    51 |       ||   252
       Gold dragon scale |       |       |       |       |       |       |    87 |    16 ||   103
Dodge: Dodged            |     1 |     6 |    16 |    15 |    17 |   167 |   172 |    15 ||   409
Block: Other             |       |       |       |       |     1 |    39 |    32 |     4 ||    76
       Reflection        |       |       |       |       |       |     5 |     2 |       ||     7

Table legend: (Time is in decaauts) A = Elapsed time spent in this place. B = Non-inter-level travel time spent in this place. C = Inter-level travel time spent in this place. D = Time resting spent in this place. E = Time spent auto-exploring this place. F = Levels seen in this place. G = Mean time per level. A B C D E F G +--------+--------+--------+--------+--------+-----+--------+ Total | 19056 | 19056 | 0 | 13111 | 51 | 1 | 19056.0 | Dungeon | 19056 | 19056 | 0 | 13111 | 51 | 1 | 19056.0 | +--------+--------+--------+--------+--------+-----+--------+

Top non-repeatable levels by time:
       D: 19056 daAuts
